 Dungeon Crawl Stone Soup version 0.16-a0-3452-g71b9fc6 (webtiles) character file.

48566 Herrn the Severer (level 14, -3/135 HPs)
             Began as a Minotaur Fighter on Jan 1, 2015.
             Was the Champion of Okawaru.
             Slain by a white draconian knight
             ... wielding a +0 great mace
              (7 damage)
             ... on level 1 of the Depths.
             The game lasted 00:59:08 (20806 turns).

Herrn the Severer (Minotaur Fighter)               Turns: 20806, Time: 00:59:08

Health: -3/135     AC: 28    Str: 25    XL:     14   Next: 12%
Magic:  14/14      EV: 12    Int:  5    God:    Okawaru [******]
Gold:   1406       SH:  0    Dex: 11    Spells: 0 memorised, 13 levels left

rFire  + . .     SeeInvis +     G - +4 executioner's axe (elec)
rCold  + + .     Clarity  .     a - +4 plate armour {rC+}
rNeg   + + .     SustAb   .     (no shield)
rPois  +         Gourm    .     I - +0 hat {SInv}
rElec  +         Spirit   .     (no cloak)
rCorr  +         Warding  .     R - +1 pair of gloves
rMut   +         Stasis   .     m - +2 pair of boots {run}
MR     +....                    N - amulet of resist mutation
Stlth  ..........               t - ring of Struhir {rN+ Slay+5}
                                p - ring of positive energy

@: about to teleport, resistant, heroism, very slightly contaminated, quick,
somewhat resistant to hostile enchantments, extremely unstealthy
A: retaliatory headbutt, horns 2
a: Heroism, Finesse, Renounce Religion


You were on level 1 of the Depths.
You worshipped Okawaru.
Okawaru was exalted by your worship.
You were very hungry.

You visited 4 branches of the dungeon, and saw 21 of its levels.
You also visited: Labyrinth.

You collected 2364 gold pieces.
You spent 958 gold pieces at shops.

Inventory:

Hand weapons
 G - a +4 executioner's axe of electrocution (weapon)
 O - the +4 war axe "Guttiaq" {flame, Str+2 SInv Stlth-}
   (Okawaru gifted it to you on level 13 of the Dungeon)

   It emits flame when wielded, causing extra injury to most foes and up to half
   as much damage over again against particularly susceptible opponents.
   Big, fiery blades are also staple armaments of hydra-hunters.
   It affects your strength (+2).
   It enhances your eyesight.
   It makes you less stealthy.
 W - a +0 executioner's axe
Missiles
 o - 51 bolts
 r - 15 bolts of frost
 X - 17 poisoned bolts
Armour
 a - a +4 plate armour of cold resistance (worn)
 b - a +0 plate armour of poison resistance
 m - a +2 pair of boots of running (worn)
 I - a +0 hat of see invisible (worn)
 R - a +1 pair of gloves (worn)
Rods
 S - a +6 rod of destruction (12/12)
   (You found it in a labyrinth)
Jewellery
 k - an uncursed ring of fire
 p - a ring of positive energy (left hand)
 t - the ring of Struhir (right hand) {rN+ Slay+5}
   (You bought it in a shop on level 4 of the Orcish Mines)

   [ring of positive energy]

   It affects your accuracy and damage with ranged weapons and melee attacks
   (+5).
   It protects you from negative energy.
 E - an uncursed ring of see invisible
 N - an amulet of resist mutation (around neck)
 V - an uncursed ring of protection from cold
Magical devices
 A - a wand of fireball (2)
 F - a wand of teleportation (9)
Scrolls
 i - a scroll of fog
 l - 5 scrolls of recharging
 n - 7 scrolls of remove curse
 s - 6 scrolls of teleportation
 w - 4 scrolls of fear
 L - 2 scrolls of magic mapping
 M - 4 scrolls of enchant armour
 Q - a scroll of identify
Potions
 e - 2 potions of might
 f - 3 potions of curing
 g - a potion of flight
 h - a potion of cancellation
 z - a potion of heal wounds
 B - 2 potions of agility
 C - 3 potions of restore abilities
 H - a potion of berserk rage
 J - 4 potions of brilliance
 P - a potion of mutation
 U - 2 potions of haste
 Z - a potion of invisibility
Books
 c - a book of Burglary

   Spells                             Type                      Level
   a - Swiftness                      Charms/Air                   2
   b - Passwall                       Transmutation/Earth          3
   c - Passage of Golubria            Translocation                4
   d - Lee's Rapid Deconstruction     Earth                        5
   e - Invisibility                   Hexes                        6
   f - Darkness                       Hexes                        7
 K - a book of the Tempests

   Spells                             Type                      Level
   a - Static Discharge               Conjuration/Air              3
   b - Lightning Bolt                 Conjuration/Air              5
   c - Fireball                       Conjuration/Fire             5
   d - Tornado                        Air                          9
   e - Shatter                        Earth                        9
Comestibles
 d - 12 bread rations
 j - 10 beef jerkies
 q - 6 fruits
 u - 9 slices of pizza
 v - 5 meat rations
 D - a royal jelly


   Skills:
 * Level 15.5(20.5) Fighting
 * Level 18.9(23.9) Axes
 + Level 12.0(17.0) Armour
 * Level 6.8(11.8) Dodging
   Level 3.6(8.6) Shields
 * Level 4.0 Invocations


You had 13 spell levels left.
You didn't know any spells.

Dungeon Overview and Level Annotations

Branches:
Dungeon (15/15)            Temple (1/1) D:6            Lair (0/8) D:8
    Orc (4/4) D:12            Elf (0/3) Orc:3        Vaults (0/5) D:13
 Depths (1/5) D:15

Altars:
Ashenzari
Cheibriados
Dithmenos
Elyvilon
Fedhas
Gozag
Kikubaaqudgha
Makhleb
Nemelex Xobeh
Okawaru
Qazlal
Ru
Sif Muna
Trog
Vehumet
Xom
Yredelemnul
Zin
The Shining One
Beogh
Lugonu

Shops:
D:10 *   Orc:4 =[![

Annotations:
D:13 runed door


Innate Abilities, Weirdness & Mutations

You reflexively headbutt those who attack you in melee.
You have a pair of horns on your head.


Message History

The white draconian knight barely misses you.
The titan zombie hits you but does no damage.
Unknown command.
You closely miss the white draconian knight.
The white draconian knight is moderately wounded.
You slice the titan zombie!!
The white draconian knight hits you with a great mace!!
* * * LOW HITPOINT WARNING * * *
Unknown command.
The white draconian knight hits you with a great mace!
* * * LOW HITPOINT WARNING * * *
Things that are here:
a giant club; a hill giant corpse Unknown command.
Read which item? (? for menu, Esc to quit)
As you read the scroll of teleportation, it crumbles to dust.
You feel strangely unstable. The titan zombie hits you.
* * * LOW HITPOINT WARNING * * *
The white draconian knight hits you with a great mace!
You die...

###....u.......
.......u.......
.................
.......u§.u>.....
.......$.........
.........######
.(.......#############
..........u.q..........
.........uuZ@.........
#####..##############
#..# .... .. .


You could see a white draconian knight (invisible), 3 ugly things and a titan
zombie.

Vanquished Creatures
  A frost giant (D:13)
  Gastronok (D:11)
  Snorg (Orc:4)
  A minotaur (Lab)
  An ettin (D:13)
  A centaur warrior (D:15)
  An orc high priest (Orc:4)
  A catoblepas (D:14)
  5 skeletal warriors (D:15)
  4 unseen horrors
  A swamp dragon (shapeshifter) (D:13)
  Erolcha (Orc:3)
  4 hill giants
  A red wasp (shapeshifter) (D:13)
  4 orc sorcerers (Orc:4)
  2 orc knights
  2 necromancers
  6 ugly things
  3 griffons
  An iron dragon zombie (D:15)
  4 cyclopes
  A fire giant zombie (D:15)
  A stone giant zombie (Depths:1)
  A phantasmal warrior (D:15)
  2 frost giant zombies
  2 centaur zombies
  5 komodo dragons (D:8)
  A death yak zombie (D:15)
  A yaktaur (D:13)
  3 gargoyles
  A yaktaur (shapeshifter) (D:13)
  2 freezing wraiths
  6 trolls
  3 two-headed ogres
  2 basilisks
  5 slime creatures (D:15)
  A trapdoor spider zombie (D:13)
  A human (D:7)
  A vampire (D:15)
  2 shadows
  5 wraiths
  3 deep elf magi
  2 wyverns
  A hog (D:7)
  A steam dragon (D:10)
  2 hippogriffs
  3 wargs
  2 hungry ghosts
  A water moccasin (D:11)
  A mottled dragon (D:14)
  4 sky beasts
  26 orc warriors
  4 phantoms
  A swamp drake (D:8)
  2 soldier ants
  5 ice beasts
  2 black bears
  An eye of draining (shapeshifter) (D:13)
  2 necrophages
  2 crocodiles
  The ghost of Tyryt0 the Ducker, an average DsGl (D:3)
  An eye of draining (D:13)
  2 yellow wasps
  14 ogres
  2 big kobolds
  Sigmund (D:2)
  17 centaurs
  9 giant frogs
  A scorpion (D:5)
  16 killer bees
  A goliath beetle (D:8)
  A giant frog zombie (D:11)
  9 crimson imps
  5 wights (D:11)
  A wyvern simulacrum (D:13)
  37 orc priests
  41 orc wizards
  6 hounds
  9 iguanas
  A quasit (D:15)
  3 centaur skeletons
  5 jellies
  2 killer bee zombies
  11 worker ants
  3 sheep (D:7)
  Ijyb (D:2)
  Terence (D:2)
  A hound skeleton (D:10)
  2 mummies
  3 gnolls (D:2)
  13 adders
  2 worker ant zombies
  2 giant mites
  4 shadow imps
  2 worms
  An adder skeleton (D:4)
  5 orc zombies (Orc:4)
  6 giant geckos
  An ooze (D:1)
  189 orcs
  3 ball pythons
  14 bats
  20 hobgoblins
  10 jackals
  24 kobolds
  2 quokkas
  5 giant cockroaches
  A giant gecko skeleton (D:9)
  3 giant newts
  2 giant spores
  20 goblins
  A jackal skeleton (D:5)
  11 rats
  37 ballistomycetes
  A fungus (Orc:2)
743 creatures vanquished.

Vanquished Creatures (others)
  3 giant spores
  A ballistomycete (D:13)
  2 butterflies (D:14)
6 creatures vanquished.

Grand Total: 749 creatures vanquished

Notes
Turn   | Place    | Note
--------------------------------------------------------------
     0 | D:1      | Herrn, the Minotaur Fighter, began the quest for the Orb.
     0 | D:1      | Reached XP level 1. HP: 19/19 MP: 1/1
   128 | D:1      | Reached skill level 4 in Fighting
   132 | D:1      | Reached XP level 2. HP: 24/27 MP: 1/1
   650 | D:2      | Reached XP level 3. HP: 29/34 MP: 2/2
   654 | D:2      | Found an opulent altar of Gozag.
   764 | D:2      | Found a sparkling altar of Nemelex Xobeh.
   790 | D:2      | Noticed Sigmund
   800 | D:2      | Killed Sigmund
   800 | D:2      | Reached skill level 5 in Fighting
   800 | D:2      | Reached skill level 1 in Dodging
   800 | D:2      | Reached XP level 4. HP: 31/42 MP: 2/2
   808 | D:2      | Noticed Terence
   818 | D:2      | Killed Terence
   953 | D:2      | Reached XP level 5. HP: 30/48 MP: 2/2
  1182 | D:2      | Noticed Ijyb
  1189 | D:2      | Killed Ijyb
  1807 | D:3      | Noticed Tyryt0's ghost (average DsGl)
  2152 | D:3      | Found a deep blue altar of Sif Muna.
  2511 | D:3      | Reached XP level 6. HP: 57/57 MP: 3/3
  2547 | D:3      | Found an ancient bone altar of Kikubaaqudgha.
  2553 | D:3      | Reached skill level 5 in Armour
  2805 | D:3      | Killed Tyryt0's ghost
  2805 | D:3      | Reached skill level 6 in Fighting
  3284 | D:4      | Found a shattered altar of Ashenzari.
  3333 | D:4      | Reached skill level 5 in Axes
  3612 | D:4      | Found a sparkling altar of Nemelex Xobeh.
  3731 | D:4      | Reached XP level 7. HP: 62/64 MP: 3/3
  4054 | D:5      | Entered Level 5 of the Dungeon
  4318 | D:5      | Found a sacrificial altar of Ru.
  4341 | D:5      | Found a burning altar of Makhleb.
  4424 | D:5      | Found a white marble altar of Elyvilon.
  4501 | D:5      | Reached skill level 7 in Fighting
  4524 | D:5      | Reached XP level 8. HP: 73/73 MP: 3/3
  4806 | D:5      | Found a glowing silver altar of Zin.
  5107 | D:5      | Found a blossoming altar of Fedhas.
  5383 | D:6      | Found a staircase to the Ecumenical Temple.
  5393 | Temple   | Entered the Ecumenical Temple
  5652 | D:6      | Reached skill level 8 in Axes
  6190 | D:7      | Found a shadowy altar of Dithmenos.
  6629 | D:7      | Reached skill level 9 in Axes
  6630 | D:7      | Reached XP level 9. HP: 71/82 MP: 4/4
  6820 | D:7      | Found a radiant altar of Vehumet.
  7440 | D:8      | Found an iron altar of Okawaru.
  7454 | D:8      | Became a worshipper of Warmaster Okawaru
  7563 | D:8      | Reached skill level 10 in Axes
  7847 | D:8      | Found a snail-covered altar of Cheibriados.
  8171 | D:8      | Noticed a komodo dragon
  8181 | D:8      | Killed a komodo dragon
  8193 | D:8      | Noticed a komodo dragon
  8199 | D:8      | Killed a komodo dragon
  8199 | D:8      | Reached skill level 10 in Fighting
  8233 | D:8      | Noticed a komodo dragon
  8233 | D:8      | Noticed a komodo dragon
  8240 | D:8      | Acquired Okawaru's first power
  8248 | D:8      | Killed a komodo dragon
  8248 | D:8      | Reached skill level 11 in Axes
  8248 | D:8      | Reached XP level 10. HP: 39/93 MP: 4/4
  8251 | D:8      | Killed a komodo dragon
  8293 | D:8      | Noticed a komodo dragon
  8299 | D:8      | Killed a komodo dragon
  8644 | D:8      | Found a staircase to the Lair.
  9479 | D:9      | Reached skill level 12 in Axes
  9529 | D:9      | Reached skill level 5 in Dodging
 10039 | D:10     | Entered Level 10 of the Dungeon
 10833 | D:10     | Found a shattered altar of Ashenzari.
 10922 | D:10     | Noticed a white ugly thing
 10930 | D:10     | Killed a white ugly thing
 10930 | D:10     | Reached skill level 13 in Axes
 11025 | D:10     | Reached XP level 11. HP: 84/103 MP: 4/4
 11086 | D:10     | Found Trohel's Assorted Antiques.
 11091 | D:10     | Bought a scroll labeled HEAJIA SIDOOHEISK for 31 gold pieces
 11091 | D:10     | Bought a scroll labeled GRAORR ONIUMOM for 31 gold pieces
 11093 | D:10     | Bought a scroll of identify for 62 gold pieces
 11093 | D:10     | Bought a scroll of identify for 62 gold pieces
 11605 | D:11     | Noticed Gastronok
 11621 | D:11     | Killed Gastronok
 11877 | D:11     | Reached skill level 10 in Armour
 12042 | D:11     | Reached skill level 14 in Axes
 12349 | D:11     | Acquired Okawaru's second power
 12402 | D:11     | Killed an unseen horror
 13220 | D:12     | Found a staircase to the Orcish Mines.
 13413 | D:13     | Found a runed door.
 13421 | D:13     | Noticed a frost giant
 13427 | D:13     | Killed an unseen horror
 13428 | D:13     | Noticed a swamp dragon
 13428 | D:13     | a salamander changed into a swamp dragon
 13430 | D:13     | Received a gift from Okawaru
 13430 | D:13     | Reached skill level 15 in Axes
 13434 | D:13     | Killed a frost giant
 13434 | D:13     | Reached XP level 12. HP: 113/113 MP: 3/6
 13442 | D:13     | Killed a swamp dragon
 13451 | D:13     | Got a bone war axe {god gift}
 13454 | D:13     | Identified the +4 war axe "Guttiaq" {flame, Str+2 SInv Stlth-} (Okawaru gifted it to you on level 13 of the Dungeon)
 13976 | D:13     | Noticed an ettin
 13988 | D:13     | Killed an ettin
 13988 | D:13     | Reached skill level 1 in Invocations
 14218 | D:13     | Found a gate to the Vaults.
 14322 | D:13     | Received a gift from Okawaru
 14322 | D:13     | Reached skill level 16 in Axes
 14405 | D:13     | Noticed a hill giant
 14409 | D:13     | Killed a hill giant
 14518 | D:13     | Identified a scroll of acquirement
 14532 | D:13     | Identified a +2 pair of boots of running (You acquired it on level 13 of the Dungeon)
 14926 | D:14     | Found a labyrinth entrance.
 14934 | Lab      | Entered a labyrinth
 15043 | Lab      | Noticed a minotaur
 15049 | Lab      | Killed a minotaur
 15143 | D:14     | Found a roughly hewn altar of Beogh.
 15729 | D:14     | Reached skill level 17 in Axes
 15750 | D:14     | Reached XP level 13. HP: 45/124 MP: 8/8
 16646 | Orc:1    | Entered Level 1 of the Orcish Mines
 17447 | Orc:2    | Found a bloodstained altar of Trog.
 17955 | Orc:3    | Noticed Erolcha
 17962 | Orc:3    | Killed Erolcha
 17997 | Orc:3    | Found a staircase to the Elven Halls.
 18463 | Orc:4    | Entered Level 4 of the Orcish Mines
 18470 | Orc:4    | Received a gift from Okawaru
 18471 | Orc:4    | Noticed Snorg
 18482 | Orc:4    | Killed Snorg
 18821 | Orc:4    | Found Riec's Jewellery Shop.
 18821 | Orc:4    | Found Kyamn's Antique Armour Shop.
 18826 | Orc:4    | Found Shriti's Antique Armour Boutique.
 18833 | Orc:4    | Found Klenaory's Distillery.
 18842 | Orc:4    | Reached skill level 18 in Axes
 19103 | Orc:4    | Bought a potion of mutation for 40 gold pieces
 19104 | Orc:4    | Bought a pair of embroidered gloves for 108 gold pieces
 19117 | Orc:4    | Bought the ring of Struhir {rN+ Slay+5} for 624 gold pieces
 19444 | D:14     | Reached skill level 15 in Fighting
 19448 | D:15     | Entered Level 15 of the Dungeon
 19708 | D:15     | Found a staircase to the Depths.
 20059 | D:15     | Found a glowing golden altar of the Shining One.
 20093 | D:15     | Found a sacrificial altar of Ru.
 20445 | D:15     | Reached XP level 14. HP: 135/135 MP: 11/14
 20776 | Depths:1 | Entered Level 1 of the Depths
 20776 | Depths:1 | Noticed a white draconian knight
 20794 | Depths:1 | Received a gift from Okawaru
 20806 | Depths:1 | HP: 4/135 [titan zombie[a necromancer] (6)]
 20806 | Depths:1 | Slain by a white draconian knight

Action                   |  1- 3 |  4- 6 |  7- 9 | 10-12 | 13-15 || total
-------------------------+-------+-------+-------+-------+-------++-------
Melee: War axe           |    60 |   134 |   332 |    25 |       ||   551
       Battleaxe         |       |       |       |   388 |       ||   388
       Executioner's axe |       |       |       |   109 |   407 ||   516
Invok: Heroism           |       |       |       |     5 |     4 ||     9
Evoke: Wand              |       |       |       |       |     1 ||     1
  Use: Scroll            |       |     1 |     5 |    14 |    12 ||    32
       Potion            |       |     1 |     1 |     8 |     5 ||    15
 Stab: Petrifying        |       |       |       |     1 |       ||     1
  Eat: Chunk             |       |     8 |    13 |    19 |    12 ||    52
       Fruit             |       |     1 |     2 |     5 |     5 ||    13
       Royal jelly       |       |       |       |     1 |       ||     1
